Workbook

Sheet PLANILHA
A1: PREFEITURA MUNICIPAL DE VARGEM ALTA ESTADO DO ESPÍRITO SANTO
A3: OBRA: | B3: CONSTRUÇÃO DE CAMPO DE FUTEBOL SOCIETY COM GRAMA NATURAL, ALAMBRADO E ILUMINAÇÃO 29,00m x 44,00m - CAMPO BOM DE BOLA | E3: SINAPI MAIO/2021
A4: LOCAL: | B4: VILA ESPERANÇA - VARGEM ALTA / ES | E4: BDI = 29,63 %
A5: PLANILHA ORÇAMENTÁRIA
A6: ITEM | B6: CÓDIGO | C6: ESPECIFICAÇÃO | D6: UNID | E6: QUANT.
F7: P. UNIT. | G7: P. UNIT.COM BDI | H7: P. TOTAL
A8: 1 | C8: SERVIÇOS PRELIMINARES
A9: 1.1 | B9: CPU | C9: Placa de obra nas dimensões de 1,50m x 3,00m, PADRÃO CAIXA | D9: M² | E9: ='MEM. CÁLCULO'!D8 -> 4.5 | F9: =I9 -> 248.27625 | G9: =ROUND(I9+(I9*J9),2) -> 321.84 | H9: =E9*G9 -> 1448.28 | I9: =CPU!J37 -> 248.27625 | J9: 0.2963
A10: 1.2 | B10: 93208 SINAPI | C10: EXECUÇÃO DE ALMOXARIFADO EM CANTEIRO DE OBRA EM CHAPA DE MADEIRA COMPENSADA, INCLUSO PRATELEIRAS. AF_02/2016 | D10: M² | E10: ='MEM. CÁLCULO'!D9 -> 9 | F10: =I10 -> 834.96 | G10: =ROUND(I10+(I10*J10),2) -> 1082.36 | H10: =E10*G10 -> 9741.24 | I10: 834.96 | J10: 0.2963
A11: 1.3 | B11: 020713 IOPES | C11: Rede de luz, incl. padrão entrada de energia trifás., cabo de ligação até barracões, quadro de distrib., disj. e chave de força (quando necessário), cons. 20m entre padrão entrada e QDG, conf. projeto (1 utilização) | D11: M | E11: 10 | F11: ='CPU '!J59 -> 598.8324 | G11: =ROUND(I11+(I11*J11),2) -> 776.27 | H11: =E11*G11 -> 7762.7 | I11: ='CPU '!J59 -> 598.8324 | J11: 0.2963
C12: SUBTOTAL | H12: =SUM(H9:H11) -> 18952.22 | I12: =H76-H12 -> 377668.06 | J12: 0.05 | K12: =I12*J12 -> 18883.403
A13: 2 | C13: MOVIMENTAÇÃO DE TERRA E PISO
A14: 2.1 | B14: 100576 SINAPI | C14: REGULARIZAÇÃO E COMPACTAÇÃO DE SUBLEITO DE SOLO PREDOMINANTEMENTE ARGILOSO. AF_11/2019 | D14: M² | E14: ='MEM. CÁLCULO'!D13 -> 1276 | F14: =I14 -> 1.64 | G14: =ROUND(I14+(I14*J14),2) -> 2.13 | H14: =E14*G14 -> 2717.88 | I14: 1.64 | J14: 0.2963
A15: 2.2 | B15: 98504 SINAPI | C15: PLANTIO DE GRAMA EM PLACAS. AF_05/2018 | D15: M² | E15: ='MEM. CÁLCULO'!D14 -> 1166 | F15: =I15 -> 9.2 | G15: =ROUND(I15+(I15*J15),2) -> 11.93 | H15: =E15*G15 -> 13910.38 | I15: 9.2 | J15: 0.2963 | M15: 22.39 | N15: =M15*J15 -> 6.634157 | O15: =M15+N15 -> 29.024157
A16: 2.3 | B16: 96620 SINAPI | C16: LASTRO DE CONCRETO MAGRO, APLICADO EM PISOS, LAJES SOBRE SOLO OU RADIERS. AF_08/2017 | D16: M³ | E16: ='MEM. CÁLCULO'!D15 -> 6.6 | F16: =I16 -> 432.63 | G16: =ROUND(I16+(I16*J16),2) -> 560.82 | H16: =E16*G16 -> 3701.412 | I16: 432.63 | J16: 0.2963
A17: 2.4 | B17: 101749 SINAPI | C17: PISO CIMENTADO, TRAÇO 1:3 (CIMENTO E AREIA), ACABAMENTO LISO, ESPESSURA 4,0 CM, PREPARO MECÂNICO DA ARGAMASSA. AF_09/2020 | D17: M² | E17: ='MEM. CÁLCULO'!D16 -> 110 | F17: =I17 -> 37.68 | G17: =ROUND(I17+(I17*J17),2) -> 48.84 | H17: =E17*G17 -> 5372.4 | I17: 37.68 | J17: 0.2963
A18: 2.5 | B18: 94273 SINAPI | C18: ASSENTAMENTO DE GUIA (MEIO-FIO) EM TRECHO RETO, CONFECCIONADA EM CONCRETO PRÉ-FABRICADO, DIMENSÕES 100X15X13X30 CM (COMPRIMENTO X BASE INFERIOR X BASE SUPERIOR X ALTURA), PARA VIAS URBANAS (USO VIÁRIO). AF_06/2016 | D18: M | E18: ='MEM. CÁLCULO'!D17 -> 44 | F18: =I18 -> 40.99 | G18: =ROUND(I18+(I18*J18),2) -> 53.14 | H18: =E18*G18 -> 2338.16 | I18: 40.99 | J18: 0.2963
A19: 2.6 | B19: 102491 SINAPI | C19: PINTURA DE PISO COM TINTA ACRÍLICA, APLICAÇÃO MANUAL, 2 DEMÃOS, INCLUSO FUNDO PREPARADOR. AF_05/2021 | D19: M² | E19: ='MEM. CÁLCULO'!D18 -> 110 | F19: =I19 -> 15.49 | G19: =ROUND(I19+(I19*J19),2) -> 20.08 | H19: =E19*G19 -> 2208.8 | I19: 15.49 | J19: 0.2963
A20: 2.7 | B20: 102506 SINAPI | C20: PINTURA DE DEMARCAÇÃO DE QUADRA POLIESPORTIVA COM TINTA EPÓXI, E = 5 CM, APLICAÇÃO MANUAL. AF_05/2021 | D20: M | E20: ='MEM. CÁLCULO'!D19 -> 42 | F20: =I20 -> 8.05 | G20: =ROUND(I20+(I20*J20),2) -> 10.44 | H20: =E20*G20 -> 438.48 | I20: 8.05 | J20: 0.2963
A21: 2.8 | B21: 102504 SINAPI | C21: PINTURA DE DEMARCAÇÃO DE QUADRA POLIESPORTIVA COM TINTA ACRÍLICA, E =5 CM, APLICAÇÃO MANUAL. AF_05/2021 | D21: M | E21: ='MEM. CÁLCULO'!D20 -> 218.5 | F21: =I21 -> 7.31 | G21: =ROUND(I21+(I21*J21),2) -> 9.48 | H21: =E21*G21 -> 2071.38 | I21: 7.31 | J21: 0.2963
A22: 2.9 | B22: 94992 SINAPI | C22: EXECUÇÃO DE PASSEIO (CALÇADA) OU PISO DE CONCRETO COM CONCRETO MOLDADO IN LOCO, FEITO EM OBRA, ACABAMENTO CONVENCIONAL, ESPESSURA 6 CM, ARMADO. AF_07/2016 | D22: M² | E22: =ROUND('MEM. CÁLCULO'!D21,2) -> 9.13 | F22: =I22 -> 80.58 | G22: =ROUND(I22+(I22*J22),2) -> 104.46 | H22: =E22*G22 -> 953.7198 | I22: 80.58 | J22: 0.2963
C23: SUBTOTAL | H23: =SUM(H14:H22) -> 33712.612
A24: 3 | C24: DRENAGEM
A25: 3.1 | B25: 93358 SINAPI | C25: ESCAVAÇÃO MANUAL DE VALA COM PROFUNDIDADE MENOR OU IGUAL A 1,30 M. AF_02/2021 | D25: M³ | E25: ='MEM. CÁLCULO'!D24 -> 62.65 | F25: =I25 -> 59.26 | G25: =ROUND(I25+(I25*J25),2) -> 76.82 | H25: =E25*G25 -> 4812.773 | I25: 59.26 | J25: 0.2963
A26: 3.2 | B26: 73881/001 SINAPI | C26: EXECUCAO DE DRENO COM MANTA GEOTEXTIL 200 G/M2 | D26: M² | E26: ='MEM. CÁLCULO'!D25 -> 624.56 | F26: =I26 -> 7.03 | G26: =ROUND(I26+(I26*J26),2) -> 9.11 | H26: =E26*G26 -> 5689.7416 | I26: 7.03 | J26: 0.2963
A27: 3.3 | B27: CPU | C27: Dreno em PEAD perfurado diâm. = 100 mm, inclusive transporte do tubo, em Vias Urbanas | D27: M | E27: ='MEM. CÁLCULO'!D26 -> 391.6 | F27: =I27 -> 5.617 | G27: 7.29 | H27: =E27*G27 -> 2854.764 | I27: =CPU!J64 -> 5.617 | J27: 0.2963
A28: 3.4 | B28: CPU | C28: Fornecimento e espalhamento de brita 1 ou 2 | D28: M³ | E28: ='MEM. CÁLCULO'!D27 -> 62.65 | F28: =I28 -> 134.0675 | G28: =ROUND(I28+(I28*J28),2) -> 173.79 | H28: =E28*G28 -> 10887.943 | I28: =CPU!J89 -> 134.0675 | J28: 0.2963
A29: 3.5 | B29: CPU | C29: Fornecimento e espalhamento de areia com trator esteira | D29: M³ | E29: ='MEM. CÁLCULO'!D28 -> 110.31 | F29: =I29 -> 48.2526 | G29: =ROUND(I29+(I29*J29),2) -> 62.55 | H29: =E29*G29 -> 6899.8905 | I29: =CPU!J115 -> 48.2526 | J29: 0.2963
A30: 3.6 | B30: CPU | C30: Fornecimento e espalhamento de terra vegetal com trator esteira | D30: M³ | E30: ='MEM. CÁLCULO'!D29 -> 110.31 | F30: =I30 -> 162.9966 | G30: 211.3 | H30: =E30*G30 -> 23308.503 | I30: =CPU!J141 -> 162.9966 | J30: 0.2963
A31: 3.7 | B31: 99253 SINAPI | C31: CAIXA ENTERRADA HIDRÁULICA RETANGULAR EM ALVENARIA COM TIJOLOS CERÂMICOS MACIÇOS, DIMENSÕES INTERNAS: 0,6X0,6X0,6 M PARA REDE DE DRENAGEM. AF_12/2020 | D31: UND. | E31: ='MEM. CÁLCULO'!D30 -> 2 | F31: =I31 -> 451.35 | G31: =ROUND(I31+(I31*J31),2) -> 585.09 | H31: =E31*G31 -> 1170.18 | I31: 451.35 | J31: 0.2963
C32: SUBTOTAL | H32: =SUM(H25:H31) -> 55623.796
A33: 4 | C33: FECHAMENTO LATERAL
A34: 4.1 | B34: 93358 SINAPI | C34: ESCAVAÇÃO MANUAL DE VALA COM PROFUNDIDADE MENOR OU IGUAL A 1,30 M. AF_02/2021 | D34: M³ | E34: ='MEM. CÁLCULO'!D33 -> 19.9 | F34: =I34 -> 59.26 | G34: =ROUND(I34+(I34*J34),2) -> 76.82 | H34: =E34*G34 -> 1528.718 | I34: 59.26 | J34: 0.2963
A35: 4.2 | B35: 90696 SINAPI | C35: TUBO DE PVC PARA REDE COLETORA DE ESGOTO DE PAREDE MACIÇA, DN 200 MM | D35: M | E35: ='MEM. CÁLCULO'!D34 -> 75.4 | F35: =I35 -> 140.8 | G35: =ROUND(I35+(I35*J35),2) -> 182.52 | H35: =E35*G35 -> 13762.008 | I35: 140.8 | J35: 0.2963
A36: 4.3 | B36: 94963 SINAPI | C36: CONCRETO FCK = 15MPA, TRAÇO 1:3,4:3,5 (EM MASSA SECA DE CIMENTO/ AREIA MÉDIA/ BRITA 1) - PREPARO MECÂNICO COM BETONEIRA 400 L. AF_05/2021 | D36: M³ | E36: ='MEM. CÁLCULO'!D35 -> 1.28 | F36: =I36 -> 297.38 | G36: =ROUND(I36+(I36*J36),2) -> 385.49 | H36: =E36*G36 -> 493.4272 | I36: 297.38 | J36: 0.2963
A37: 4.4 | B37: 89472 SINAPI | C37: ALVENARIA DE BLOCOS DE CONCRETO ESTRUTURAL 14X19X39 CM, (ESPESSURA 14CM) FBK = 14,0 MPA, PARA PAREDES COM ÁREA LÍQUIDA MENOR QUE 6M², SEM VÃOS, UTILIZANDO COLHER DE PEDREIRO. AF_12/2014 | D37: M² | E37: ='MEM. CÁLCULO'!D36 -> 116.8 | F37: =I37 -> 90.88 | G37: =ROUND(I37+(I37*J37),2) -> 117.81 | H37: =E37*G37 -> 13760.208 | I37: 90.88 | J37: 0.2963
A38: 4.5 | B38: 87893 SINAPI | C38: CHAPISCO APLICADO EM ALVENARIA (SEM PRESENÇA DE VÃOS) E ESTRUTURAS DE CONCRETO DE FACHADA, COM COLHER DE PEDREIRO. ARGAMASSA TRAÇO 1:3 COM PREPARO MANUAL. AF_06/2014 | D38: M² | E38: ='MEM. CÁLCULO'!D37 -> 58 | F38: =I38 -> 5.44 | G38: =ROUND(I38+(I38*J38),2) -> 7.05 | H38: =E38*G38 -> 408.9 | I38: 5.44 | J38: 0.2963
A39: 4.6 | B39: 87794 SINAPI | C39: EMBOÇO OU MASSA ÚNICA EM ARGAMASSA TRAÇO 1:2:8, PREPARO MANUAL, APLICADA MANUALMENTE EM PANOS CEGOS DE FACHADA (SEM PRESENÇA DE VÃOS), ESPESSURA DE 25 MM. AF_06/201 | D39: M² | E39: ='MEM. CÁLCULO'!D38 -> 58 | F39: =I39 -> 33.7 | G39: =ROUND(I39+(I39*J39),2) -> 43.69 | H39: =E39*G39 -> 2534.02 | I39: 33.7 | J39: 0.2963
A40: 4.7 | B40: 88489 SINAPI | C40: APLICAÇÃO MANUAL DE PINTURA COM TINTA LÁTEX ACRÍLICA EM PAREDES, DUAS DEMÃOS. AF_06/2014 | D40: M² | E40: ='MEM. CÁLCULO'!D39 -> 58 | F40: =I40 -> 12.34 | G40: =ROUND(I40+(I40*J40),2) -> 16 | H40: =E40*G40 -> 928 | I40: 12.34 | J40: 0.2963
A41: 4.8 | B41: 102363 SINAPI | C41: ALAMBRADO PARA QUADRA POLIESPORTIVA, ESTRUTURADO POR TUBOS DE ACO GALVANIZADO, (MONTANTES COM DIAMETRO 2", TRAVESSAS E ESCORAS COM DIÂMETRO 1 ¼), COM TELA DE ARAME GALVANIZADO, FIO 12 BWG E MALHA QUADRADA 5X5CM (EXCETO MURETA). AF_03/2021 | D41: M² | E41: ='MEM. CÁLCULO'!D40 -> 730 | F41: =I41 -> 173.95 | G41: =ROUND(I41+(I41*J41),2) -> 225.49 | H41: =E41*G41 -> 164607.7 | I41: 173.95 | J41: 0.2963
C42: SUBTOTAL | H42: =SUM(H34:H41) -> 198022.98
A43: 5 | C43: INTALAÇÕES ELÉTRICAS
A44: 5.1 | B44: CPU | C44: ASSENTAMENTO DE POSTE DE CONCRETO COM COMPRIMENTO NOMINAL DE 10 M, CARGA NOMINAL DE 600 DAN, ENGASTAMENTO BASE CONCRETADA COM 1 M DE CONCRETO E 0,6 M DE SOLO . AF_11/2019 | D44: UND. | E44: ='MEM. CÁLCULO'!D43 -> 6 | F44: =I44 -> 1589.4666 | G44: =ROUND(I44+(I44*J44),2) -> 2060.43 | H44: =E44*G44 -> 12362.58 | I44: =CPU!J170 -> 1589.4666 | J44: 0.2963
A45: 5.2 | B45: 101657 SINAPI | C45: LUMINÁRIA DE LED PARA ILUMINAÇÃO PÚBLICA, DE 98 W ATÉ 137 W - FORNECIMENTO E INSTALAÇÃO. AF_08/2020 | D45: UND. | E45: ='MEM. CÁLCULO'!D44 -> 18 | F45: =I45 -> 679.48 | G45: =ROUND(I45+(I45*J45),2) -> 880.81 | H45: =E45*G45 -> 15854.58 | I45: 679.48 | J45: 0.2963
A46: 5.3 | B46: CPU | C46: Caixa de passagem de alvenaria de blocos de concreto 9x19x39cm, dimensões de 30x30x50cm, com revestimento interno em chapisco e reboco, tampa de concreto esp.5cm e lastro de brita 5 cm | D46: UND. | E46: ='MEM. CÁLCULO'!D45 -> 9 | F46: =I46 -> 129.99005 | G46: =ROUND(I46+(I46*J46),2) -> 168.51 | H46: =E46*G46 -> 1516.59 | I46: =CPU!J212 -> 129.99005 | J46: 0.2963
A47: 5.4 | B47: 91928 SINAPI | C47: CABO DE COBRE FLEXÍVEL ISOLADO, 4 MM², ANTI-CHAMA 450/750 V, PARA CIRCUITOS TERMINAIS - FORNECIMENTO E INSTALAÇÃO. AF_12/2015 | D47: M | E47: ='MEM. CÁLCULO'!D46 -> 90 | F47: =I47 -> 6.17 | G47: =ROUND(I47+(I47*J47),2) -> 8 | H47: =E47*G47 -> 720 | I47: 6.17 | J47: 0.2963
A48: 5.5 | B48: 91926 SINAPI | C48: CABO DE COBRE FLEXÍVEL ISOLADO, 2,5 MM², ANTI-CHAMA 450/750 V, PARA CIRCUITOS TERMINAIS - FORNECIMENTO E INSTALAÇÃO. AF_12/2015 | D48: M | E48: ='MEM. CÁLCULO'!D47 -> 588 | F48: =I48 -> 3.42 | G48: =ROUND(I48+(I48*J48),2) -> 4.43 | H48: =E48*G48 -> 2604.84 | I48: 3.42 | J48: 0.2963
A49: 5.6 | B49: 91856 SINAPI | C49: ELETRODUTO FLEXÍVEL CORRUGADO, PVC, DN 32 MM (1"), PARA CIRCUITOS TERMINAIS, INSTALADO EM PAREDE - FORNECIMENTO E INSTALAÇÃO. AF_12/2015 | D49: M | E49: ='MEM. CÁLCULO'!D48 -> 155 | F49: =I49 -> 9.47 | G49: =ROUND(I49+(I49*J49),2) -> 12.28 | H49: =E49*G49 -> 1903.4 | I49: 9.47 | J49: 0.2963
A50: 5.7 | B50: 101876 SINAPI | C50: QUADRO DE DISTRIBUIÇÃO DE ENERGIA EM PVC, DE EMBUTIR, SEM BARRAMENTO, PARA 6 DISJUNTORES - FORNECIMENTO E INSTALAÇÃO. AF_10/2020 | D50: UND. | E50: ='MEM. CÁLCULO'!D49 -> 1 | F50: =I50 -> 51.83 | G50: =ROUND(I50+(I50*J50),2) -> 67.19 | H50: =E50*G50 -> 67.19 | I50: 51.83 | J50: 0.2963
A51: 5.8 | B51: 93657 SINAPI | C51: DISJUNTOR MONOPOLAR TIPO DIN, CORRENTE NOMINAL DE 32A - FORNECIMENTO E INSTALAÇÃO. AF_10/2020 | D51: UND. | E51: ='MEM. CÁLCULO'!D50 -> 1 | F51: =I51 -> 13.44 | G51: =ROUND(I51+(I51*J51),2) -> 17.42 | H51: =E51*G51 -> 17.42 | I51: 13.44 | J51: 0.2963
A52: 5.9 | B52: 93656 SINAPI | C52: DISJUNTOR MONOPOLAR TIPO DIN, CORRENTE NOMINAL DE 25A - FORNECIMENTO E INSTALAÇÃO. AF_10/2020 | D52: UND. | E52: ='MEM. CÁLCULO'!D51 -> 1 | F52: =I52 -> 12.23 | G52: =ROUND(I52+(I52*J52),2) -> 15.85 | H52: =E52*G52 -> 15.85 | I52: 12.23 | J52: 0.2963
A53: 5.10 | B53: 91953 SINAPI | C53: ='MEM. CÁLCULO'!B52 -> INTERRUPTOR SIMPLES (1 MÓDULO), 10A/250V, INCLUINDO SUPORTE E PLACA - FORNECIMENTO E INSTALAÇÃO. AF_12/2015 | D53: UND. | E53: ='MEM. CÁLCULO'!D52 -> 1 | F53: =I53 -> 22.65 | G53: =ROUND(I53+(I53*J53),2) -> 29.36 | H53: =E53*G53 -> 29.36 | I53: 22.65 | J53: 0.2963
A54: 5.11 | B54: 101632 SINAPI | C54: RELÉ FOTOELÉTRICO PARA COMANDO DE ILUMINAÇÃO EXTERNA 1000 W - FORNECIMENTO E INSTALAÇÃO. AF_08/2020 | D54: UND. | E54: ='MEM. CÁLCULO'!D53 -> 1 | F54: =I54 -> 29.77 | G54: =ROUND(I54+(I54*J54),2) -> 38.59 | H54: =E54*G54 -> 38.59 | I54: 29.77 | J54: 0.2963
A55: 5.12 | B55: 101499 SINAPI | C55: ENTRADA DE ENERGIA ELÉTRICA, AÉREA, BIFÁSICA, COM CAIXA DE SOBREPOR, CABO DE 25 MM2 E DISJUNTOR DIN 50A (NÃO INCLUSO O POSTE DE CONCRETO). AF_07/2020_P | D55: UND. | E55: ='MEM. CÁLCULO'!D54 -> 1 | F55: =I55 -> 1524.25 | G55: =ROUND(I55+(I55*J55),2) -> 1975.89 | H55: =E55*G55 -> 1975.89 | I55: 1524.25 | J55: 0.2963
C56: SUBTOTAL | H56: =SUM(H44:H55) -> 37106.29
A57: 6 | C57: INTALAÇÕES SPDA
A58: 6.1 | B58: 96985 SINAPI | C58: HASTE DE ATERRAMENTO 5/8 PARA SPDA - FORNECIMENTO E INSTALAÇÃO. AF_12/2017 | D58: UND. | E58: ='MEM. CÁLCULO'!D57 -> 18 | F58: =I58 -> 55.15 | G58: =ROUND(I58+(I58*J58),2) -> 71.49 | H58: =E58*G58 -> 1286.82 | I58: 55.15 | J58: 0.2963
A59: 6.2 | B59: CPU | C59: Barra chata em alumínio 7/8"x1/8" (70mm²), com furos diâmetro 7 mm ref. TEL-771, marca de referência Termotécnica ou equivalente | D59: M | E59: ='MEM. CÁLCULO'!D58 -> 36 | F59: =I59 -> 34.448126 | G59: =ROUND(I59+(I59*J59),2) -> 44.66 | H59: =E59*G59 -> 1607.76 | I59: ='CPU '!J89 -> 34.448126 | J59: 0.2963
A60: 6.3 | B60: CPU | C60: Tampa reforçada em ferro fundido com escotilha TEL 536, inclusive assentamento, marca de referência Termotécnica ou equivalente | D60: UND. | E60: ='MEM. CÁLCULO'!D59 -> 12 | F60: =I60 -> 113.37434 | G60: 146.96 | H60: =E60*G60 -> 1763.52 | I60: ='CPU '!J117 -> 113.37434 | J60: 0.2963
A61: 6.4 | B61: 96973 SINAPI | C61: CORDOALHA DE COBRE NU 35 MM², NÃO ENTERRADA, COM ISOLADOR - FORNECIMENTO E INSTALAÇÃO. AF_12/2017 | D61: M | E61: ='MEM. CÁLCULO'!D60 -> 65 | F61: =I61 -> 54.14 | G61: =ROUND(I61+(I61*J61),2) -> 70.18 | H61: =E61*G61 -> 4561.7 | I61: 54.14 | J61: 0.2963
A62: 6.5 | B62: 96974 SINAPI | C62: CORDOALHA DE COBRE NU 50 MM², NÃO ENTERRADA, COM ISOLADOR - FORNECIMENTO E INSTALAÇÃO. AF_12/2017 | D62: M | E62: ='MEM. CÁLCULO'!D61 -> 178.5 | F62: =I62 -> 70.48 | G62: =ROUND(I62+(I62*J62),2) -> 91.36 | H62: =E62*G62 -> 16307.76 | I62: 70.48 | J62: 0.2963
A63: 6.6 | B63: CPU | C63: Presilha de latão ref. 744, inclusive parafuso fenda DN 4,2x32mm e bucha nylon DN 6mm e vedação dos furos com poliuretano ref. 5905, marca de ref. Termotécnica ou equivalente | D63: UND. | E63: ='MEM. CÁLCULO'!D62 -> 30 | F63: =I63 -> 8.328272 | G63: =ROUND(I63+(I63*J63),2) -> 10.8 | H63: =E63*G63 -> 324 | I63: ='CPU '!J146 -> 8.328272 | J63: 0.2963
A64: 6.7 | B64: CPU | C64: Terminal aéreo em latão (captor), com conector e fixação horizontal 5/16"x250mm, ref. TEL-024, inclusive vedação dos furos com poliuretano ref. TEL 5905, marca de ref. Termotécnica ou equivalente | D64: UND. | E64: ='MEM. CÁLCULO'!D63 -> 30 | F64: =I64 -> 79.080756 | G64: =ROUND(I64+(I64*J64),2) -> 102.51 | H64: =E64*G64 -> 3075.3 | I64: ='CPU '!J175 -> 79.080756 | J64: 0.2963
A65: 6.8 | B65: CPU | C65: Conector de medição em latão com 2 parafusos para cabos de 16 a 50 mm2, ref. TEL-562, Termotécnica ou equivalente | D65: UND. | E65: ='MEM. CÁLCULO'!D64 -> 28 | F65: =I65 -> 50.573089 | G65: 65.55 | H65: =E65*G65 -> 1835.4 | I65: ='CPU '!J201 -> 50.573089 | J65: 0.2963
A66: 6.9 | B66: 98111 SINAPI | C66: CAIXA DE INSPEÇÃO PARA ATERRAMENTO, CIRCULAR, EM POLIETILENO, DIÂMETRO INTERNO = 0,3 M. AF_12/2020 | D66: UND. | E66: ='MEM. CÁLCULO'!D65 -> 12 | F66: =I66 -> 27.89 | G66: =ROUND(I66+(I66*J66),2) -> 36.15 | H66: =E66*G66 -> 433.8 | I66: 27.89 | J66: 0.2963
C67: SUBTOTAL | H67: =SUM(H58:H66) -> 31196.06
A68: 7 | C68: EQUIPAMENTOS
A69: 7.1 | B69: CPU | C69: Trave para futebol de salão de tubo de ferro galvanizado 3", com recuo, removível | D69: UND. | E69: 2 | F69: =I69 -> 1573.48 | G69: =ROUND(I69+(I69*J69),2) -> 2039.7 | H69: =E69*G69 -> 4079.4 | I69: ='CPU '!J229 -> 1573.48 | J69: 0.2963
A70: 7.2 | B70: CPU | C70: Rede para futebol de salão | D70: UND. | E70: 2 | F70: =I70 -> 189.84 | G70: =ROUND(I70+(I70*J70),2) -> 246.09 | H70: =E70*G70 -> 492.18 | I70: ='CPU '!J256 -> 189.84 | J70: 0.2963
C71: SUBTOTAL | H71: =SUM(H69:H70) -> 4571.58
A72: 8 | C72: ADMINISTRAÇÃO LOCAL
A73: 8.1 | B73: CPA | C73: Administração do canteiro de obras | D73: und | E73: ='MEM. CÁLCULO'!D72 -> 1 | F73: ='CPA '!I21 -> 13449.62 | G73: ='CPA '!K28 -> 17434.742 | H73: =TRUNC(G73*E73,2) -> 17434.74
C74: SUBTOTAL | H74: =H73 -> 17434.74 | I74: =H76-H74 -> 379185.54 | J74: 0.05 | K74: =I74*J74 -> 18959.277
C76: TOTAL | H76: =H12+H32+H42+H74+H23+H71+H56+H67 -> 396620.28
A78: Vargem Alta / ES,17 DE AGOSTO DE 2021.
J79: EMENDA | K79: 291500 | L79: 0.3
J82: VALOR MAXIMO | L82: =(K79*L79)+K79 -> 378950
C83: GERALDO BRUNORO ESTEVES | E83: ELIESER RABELLO
C84: CREA-ES 033738/D | E84: PREFEITO MUNICIPAL

Sheet ORÇAMENTO
B5: ORÇAMENTO GRAMA SINTÉTICA
B6: ONE GRASS | C6: 71.9
B7: PONTAL ESPORTES | C7: 79.75
B8: TOPFIELD | C8: 80
B9: TOTAL | C9: =SUM(C6:C8)/3 -> 77.216667

Sheet MEM. CÁLCULO
A1: PREFEITURA MUNICIPAL DE VARGEM ALTA ESTADO DO ESPÍRITO SANTO
A3: OBRA: | B3: =PLANILHA!B3 -> CONSTRUÇÃO DE CAMPO DE FUTEBOL SOCIETY COM GRAMA NATURAL, ALAMBRADO E ILUMINAÇÃO 29,00m x 44,00m - CAMPO BOM DE BOLA | D3: =PLANILHA!E3 -> SINAPI MAIO/2021
A4: LOCAL: | B4: =PLANILHA!B4 -> VILA ESPERANÇA - VARGEM ALTA / ES | D4: =PLANILHA!E4 -> BDI = 29,63 %
A5: MEMÓRIA DE CÁLCULO
A6: ITEM | B6: ESPECIFICAÇÃO | C6: UNID | D6: QUANT. | E6: CÁLCULO
A7: =PLANILHA!A8 -> 1 | B7: SERVIÇOS PRELIMINARES
A8: =PLANILHA!A9 -> 1.1 | B8: =PLANILHA!C9 -> Placa de obra nas dimensões de 1,50m x 3,00m, PADRÃO CAIXA | C8: =PLANILHA!D9 -> M² | D8: 4.5 | E8: Dimensão da placa: (1,50 X 3,00) = 4,50m2
A9: =PLANILHA!A10 -> 1.2 | B9: =PLANILHA!C10 -> EXECUÇÃO DE ALMOXARIFADO EM CANTEIRO DE OBRA EM CHAPA DE MADEIRA COMPENSADA, INCLUSO PRATELEIRAS. AF_02/2016 | C9: =PLANILHA!D10 -> M² | D9: 9 | E9: (3,00 x 3,00 m) = 9,00 m2
A10: =PLANILHA!A11 -> 1.3 | B10: Rede de luz, incl. padrão entrada de energia trifás., cabo de ligação até barracões, quadro de distrib., disj. e chave de força (quando necessário), cons. 20m entre padrão entrada e QDG, conf. projeto (1 utilização) | C10: M | D10: 10 | E10: 10 metros
A12: =PLANILHA!A13 -> 2 | B12: =PLANILHA!C13 -> MOVIMENTAÇÃO DE TERRA E PISO
A13: =PLANILHA!A14 -> 2.1 | B13: =PLANILHA!C14 -> REGULARIZAÇÃO E COMPACTAÇÃO DE SUBLEITO DE SOLO PREDOMINANTEMENTE ARGILOSO. AF_11/2019 | C13: =PLANILHA!D14 -> M² | D13: 1276 | E13: 44,00m x 29,00m = 1.276,00m²
A14: =PLANILHA!A15 -> 2.2 | B14: =PLANILHA!C15 -> PLANTIO DE GRAMA EM PLACAS. AF_05/2018 | C14: =PLANILHA!D15 -> M² | D14: 1166 | E14: 1.276,00m² - 110,00m² = 1.166,00m²
A15: =PLANILHA!A16 -> 2.3 | B15: =PLANILHA!C16 -> LASTRO DE CONCRETO MAGRO, APLICADO EM PISOS, LAJES SOBRE SOLO OU RADIERS. AF_08/2017 | C15: =PLANILHA!D16 -> M³ | D15: 6.6 | E15: 2,50m x 44,00m x 0,06m = 6,60m³
A16: =PLANILHA!A17 -> 2.4 | B16: =PLANILHA!C17 -> PISO CIMENTADO, TRAÇO 1:3 (CIMENTO E AREIA), ACABAMENTO LISO, ESPESSURA 4,0 CM, PREPARO MECÂNICO DA ARGAMASSA. AF_09/2020 | C16: =PLANILHA!D17 -> M² | D16: 110 | E16: 2,50m x 44,00m = 110,00m²
A17: =PLANILHA!A18 -> 2.5 | B17: =PLANILHA!C18 -> ASSENTAMENTO DE GUIA (MEIO-FIO) EM TRECHO RETO, CONFECCIONADA EM CONCRETO PRÉ-FABRICADO, DIMENSÕES 100X15X13X30 CM (COMPRIMENTO X BASE INFERIOR X BASE SUPERIOR X ALTURA), PARA VIAS URBANAS (USO VIÁRIO). AF_06/2016 | C17: =PLANILHA!D18 -> M | D17: 44 | E17: 44,00m
A18: =PLANILHA!A19 -> 2.6 | B18: =PLANILHA!C19 -> PINTURA DE PISO COM TINTA ACRÍLICA, APLICAÇÃO MANUAL, 2 DEMÃOS, INCLUSO FUNDO PREPARADOR. AF_05/2021 | C18: =PLANILHA!D19 -> M² | D18: 110 | E18: 2,50m x 44,00m = 110,00m²
A19: =PLANILHA!A20 -> 2.7 | B19: =PLANILHA!C20 -> PINTURA DE DEMARCAÇÃO DE QUADRA POLIESPORTIVA COM TINTA EPÓXI, E = 5 CM, APLICAÇÃO MANUAL. AF_05/2021 | C19: =PLANILHA!D20 -> M | D19: 42 | E19: 2,5m + 2,5m + 18,50m + 18,50m = 42,00m
A20: =PLANILHA!A21 -> 2.8 | B20: =PLANILHA!C21 -> PINTURA DE DEMARCAÇÃO DE QUADRA POLIESPORTIVA COM TINTA ACRÍLICA, E =5 CM, APLICAÇÃO MANUAL. AF_05/2021 | C20: =PLANILHA!D21 -> M | D20: 218.5 | E20: 22,50m + 22,50m + 22,50m + 40,00m + 40,00m + 6,00m + 6,00m + 8,00m + 8,00m + 13,50m + 8,00m + 8,00m + 13,50m = 218,50m
A21: =PLANILHA!A22 -> 2.9 | B21: =PLANILHA!C22 -> EXECUÇÃO DE PASSEIO (CALÇADA) OU PISO DE CONCRETO COM CONCRETO MOLDADO IN LOCO, FEITO EM OBRA, ACABAMENTO CONVENCIONAL, ESPESSURA 6 CM, ARMADO. AF_07/2016 | C21: =PLANILHA!D22 -> M² | D21: 9.125 | E21: 3,65m x 2,50m = 9,125m²
A23: =PLANILHA!A24 -> 3 | B23: =PLANILHA!C24 -> DRENAGEM
A24: =PLANILHA!A25 -> 3.1 | B24: =PLANILHA!C25 -> ESCAVAÇÃO MANUAL DE VALA COM PROFUNDIDADE MENOR OU IGUAL A 1,30 M. AF_02/2021 | C24: =PLANILHA!D25 -> M³ | D24: 62.65 | E24: ((25,3x12)+(44x2))x (0,40m x 0,40m) = 62,65m³
A25: =PLANILHA!A26 -> 3.2 | B25: =PLANILHA!C26 -> EXECUCAO DE DRENO COM MANTA GEOTEXTIL 200 G/M2 | C25: =PLANILHA!D26 -> M² | D25: 624.56 | E25: ((25,3x12)+(44x2))=391,6m x0,4=156,64m²x4lados= 624,56m²
A26: =PLANILHA!A27 -> 3.3 | B26: =PLANILHA!C27 -> Dreno em PEAD perfurado diâm. = 100 mm, inclusive transporte do tubo, em Vias Urbanas | C26: =PLANILHA!D27 -> M | D26: 391.6 | E26: ((25,3x12)+(44x2))=391,6 m
A27: =PLANILHA!A28 -> 3.4 | B27: =PLANILHA!C28 -> Fornecimento e espalhamento de brita 1 ou 2 | C27: =PLANILHA!D28 -> M³ | D27: 62.65 | E27: ((25,3x12)+(44x2))x (0,40m x 0,40m) = 62,65m³
A28: =PLANILHA!A29 -> 3.5 | B28: =PLANILHA!C29 -> Fornecimento e espalhamento de areia com trator esteira | C28: M³ | D28: 110.31 | E28: 25,30m x 43,60m x 0,10m =110,31m³
A29: =PLANILHA!A30 -> 3.6 | B29: =PLANILHA!C30 -> Fornecimento e espalhamento de terra vegetal com trator esteira | C29: M³ | D29: 110.31 | E29: 25,30m x 43,60m x 0,10m =110,31m³
A30: =PLANILHA!A31 -> 3.7 | B30: =PLANILHA!C31 -> CAIXA ENTERRADA HIDRÁULICA RETANGULAR EM ALVENARIA COM TIJOLOS CERÂMICOS MACIÇOS, DIMENSÕES INTERNAS: 0,6X0,6X0,6 M PARA REDE DE DRENAGEM. AF_12/2020 | C30: =PLANILHA!D31 -> UND. | D30: 2 | E30: 2 unidades
A32: =PLANILHA!A33 -> 4 | B32: =PLANILHA!C33 -> FECHAMENTO LATERAL
A33: =PLANILHA!A34 -> 4.1 | B33: =PLANILHA!C34 -> ESCAVAÇÃO MANUAL DE VALA COM PROFUNDIDADE MENOR OU IGUAL A 1,30 M. AF_02/2021 | C33: =PLANILHA!D34 -> M³ | D33: 19.9 | E33: 1,30m x (0,1² x 3,14) x 58 = 2,37m³ + (0,60m x 0,20m x 146,00m) = 19,90m³
A34: =PLANILHA!A35 -> 4.2 | B34: =PLANILHA!C35 -> TUBO DE PVC PARA REDE COLETORA DE ESGOTO DE PAREDE MACIÇA, DN 200 MM | C34: =PLANILHA!D35 -> M | D34: 75.4 | E34: 1,30m x 58 = 75,40m
A35: =PLANILHA!A36 -> 4.3 | B35: =PLANILHA!C36 -> CONCRETO FCK = 15MPA, TRAÇO 1:3,4:3,5 (EM MASSA SECA DE CIMENTO/ AREIA MÉDIA/ BRITA 1) - PREPARO MECÂNICO COM BETONEIRA 400 L. AF_05/2021 | C35: =PLANILHA!D36 -> M³ | D35: 1.28 | E35: (1,30m - 0,60m) x (0,1² x 3,14) x 58 = 1,28m³
A36: =PLANILHA!A37 -> 4.4 | B36: =PLANILHA!C37 -> ALVENARIA DE BLOCOS DE CONCRETO ESTRUTURAL 14X19X39 CM, (ESPESSURA 14CM) FBK = 14,0 MPA, PARA PAREDES COM ÁREA LÍQUIDA MENOR QUE 6M², SEM VÃOS, UTILIZANDO COLHER DE PEDREIRO. AF_12/2014 | C36: =PLANILHA!D37 -> M² | D36: 116.8 | E36: 0,80m x 146,00m = 116,80m²
A37: =PLANILHA!A38 -> 4.5 | B37: =PLANILHA!C38 -> CHAPISCO APLICADO EM ALVENARIA (SEM PRESENÇA DE VÃOS) E ESTRUTURAS DE CONCRETO DE FACHADA, COM COLHER DE PEDREIRO. ARGAMASSA TRAÇO 1:3 COM PREPARO MANUAL. AF_06/2014 | C37: =PLANILHA!D38 -> M² | D37: 58 | E37: 0,20m x 146,00m = 29,20m x 2 = 58,40m²
A38: =PLANILHA!A39 -> 4.6 | B38: =PLANILHA!C39 -> EMBOÇO OU MASSA ÚNICA EM ARGAMASSA TRAÇO 1:2:8, PREPARO MANUAL, APLICADA MANUALMENTE EM PANOS CEGOS DE FACHADA (SEM PRESENÇA DE VÃOS), ESPESSURA DE 25 MM. AF_06/201 | C38: =PLANILHA!D39 -> M² | D38: 58 | E38: 0,20m x 146,00m = 29,20m x 2 = 58,40m²
A39: =PLANILHA!A40 -> 4.7 | B39: =PLANILHA!C40 -> APLICAÇÃO MANUAL DE PINTURA COM TINTA LÁTEX ACRÍLICA EM PAREDES, DUAS DEMÃOS. AF_06/2014 | C39: =PLANILHA!D40 -> M² | D39: 58 | E39: 0,20m x 146,00m = 29,20m x 2 = 58,40m²
A40: =PLANILHA!A41 -> 4.8 | B40: =PLANILHA!C41 -> ALAMBRADO PARA QUADRA POLIESPORTIVA, ESTRUTURADO POR TUBOS DE ACO GALVANIZADO, (MONTANTES COM DIAMETRO 2", TRAVESSAS E ESCORAS COM DIÂMETRO 1 ¼), COM TELA DE ARAME GALVANIZADO, FIO 12 BWG E MALHA QUADRADA 5X5CM (EXCETO MURETA). AF_03/2021 | C40: =PLANILHA!D41 -> M² | D40: 730 | E40: 146,00m x 5,00m = 730,00m²
A42: =PLANILHA!A43 -> 5 | B42: =PLANILHA!C43 -> INTALAÇÕES ELÉTRICAS
A43: =PLANILHA!A44 -> 5.1 | B43: =PLANILHA!C44 -> ASSENTAMENTO DE POSTE DE CONCRETO COM COMPRIMENTO NOMINAL DE 10 M, CARGA NOMINAL DE 600 DAN, ENGASTAMENTO BASE CONCRETADA COM 1 M DE CONCRETO E 0,6 M DE SOLO . AF_11/2019 | C43: =PLANILHA!D44 -> UND. | D43: 6 | E43: 6 unidades
A44: =PLANILHA!A45 -> 5.2 | B44: =PLANILHA!C45 -> LUMINÁRIA DE LED PARA ILUMINAÇÃO PÚBLICA, DE 98 W ATÉ 137 W - FORNECIMENTO E INSTALAÇÃO. AF_08/2020 | C44: =PLANILHA!D45 -> UND. | D44: 18 | E44: 18 unidades
A45: =PLANILHA!A46 -> 5.3 | B45: =PLANILHA!C46 -> Caixa de passagem de alvenaria de blocos de concreto 9x19x39cm, dimensões de 30x30x50cm, com revestimento interno em chapisco e reboco, tampa de concreto esp.5cm e lastro de brita 5 cm | C45: =PLANILHA!D46 -> UND. | D45: 9 | E45: 9 unidades
A46: =PLANILHA!A47 -> 5.4 | B46: =PLANILHA!C47 -> CABO DE COBRE FLEXÍVEL ISOLADO, 4 MM², ANTI-CHAMA 450/750 V, PARA CIRCUITOS TERMINAIS - FORNECIMENTO E INSTALAÇÃO. AF_12/2015 | C46: =PLANILHA!D47 -> M | D46: 90 | E46: 45,00m + 45,00m = 90,00m
A47: =PLANILHA!A48 -> 5.5 | B47: =PLANILHA!C48 -> CABO DE COBRE FLEXÍVEL ISOLADO, 2,5 MM², ANTI-CHAMA 450/750 V, PARA CIRCUITOS TERMINAIS - FORNECIMENTO E INSTALAÇÃO. AF_12/2015 | C47: =PLANILHA!D48 -> M | D47: 588 | E47: 244,00m + 244,00m + 100,00m = 588,00m
A48: =PLANILHA!A49 -> 5.6 | B48: =PLANILHA!C49 -> ELETRODUTO FLEXÍVEL CORRUGADO, PVC, DN 32 MM (1"), PARA CIRCUITOS TERMINAIS, INSTALADO EM PAREDE - FORNECIMENTO E INSTALAÇÃO. AF_12/2015 | C48: =PLANILHA!D49 -> M | D48: 155 | E48: 155,00m
A49: =PLANILHA!A50 -> 5.7 | B49: =PLANILHA!C50 -> QUADRO DE DISTRIBUIÇÃO DE ENERGIA EM PVC, DE EMBUTIR, SEM BARRAMENTO, PARA 6 DISJUNTORES - FORNECIMENTO E INSTALAÇÃO. AF_10/2020 | C49: =PLANILHA!D50 -> UND. | D49: 1 | E49: 1 unidade
A50: =PLANILHA!A51 -> 5.8 | B50: =PLANILHA!C51 -> DISJUNTOR MONOPOLAR TIPO DIN, CORRENTE NOMINAL DE 32A - FORNECIMENTO E INSTALAÇÃO. AF_10/2020 | C50: =PLANILHA!D51 -> UND. | D50: 1 | E50: 1 unidades
A51: =PLANILHA!A52 -> 5.9 | B51: =PLANILHA!C52 -> DISJUNTOR MONOPOLAR TIPO DIN, CORRENTE NOMINAL DE 25A - FORNECIMENTO E INSTALAÇÃO. AF_10/2020 | C51: =PLANILHA!D52 -> UND. | D51: 1 | E51: 1 unidade
A52: =PLANILHA!A53 -> 5.10 | B52: INTERRUPTOR SIMPLES (1 MÓDULO), 10A/250V, INCLUINDO SUPORTE E PLACA - FORNECIMENTO E INSTALAÇÃO. AF_12/2015 | C52: =PLANILHA!D53 -> UND. | D52: 1 | E52: 1unidade
A53: =PLANILHA!A54 -> 5.11 | B53: =PLANILHA!C54 -> RELÉ FOTOELÉTRICO PARA COMANDO DE ILUMINAÇÃO EXTERNA 1000 W - FORNECIMENTO E INSTALAÇÃO. AF_08/2020 | C53: =PLANILHA!D54 -> UND. | D53: 1 | E53: 1 unidade
A54: =PLANILHA!A55 -> 5.12 | B54: =PLANILHA!C55 -> ENTRADA DE ENERGIA ELÉTRICA, AÉREA, BIFÁSICA, COM CAIXA DE SOBREPOR, CABO DE 25 MM2 E DISJUNTOR DIN 50A (NÃO INCLUSO O POSTE DE CONCRETO). AF_07/2020_P | C54: =PLANILHA!D55 -> UND. | D54: 1 | E54: 1 unidade
A56: =PLANILHA!A57 -> 6 | B56: =PLANILHA!C57 -> INTALAÇÕES SPDA
A57: =PLANILHA!A58 -> 6.1 | B57: =PLANILHA!C58 -> HASTE DE ATERRAMENTO 5/8 PARA SPDA - FORNECIMENTO E INSTALAÇÃO. AF_12/2017 | C57: =PLANILHA!D58 -> UND. | D57: 18 | E57: Conforme projeto SPDA - 12 unidades + 6 unidades = 18 unidades
A58: =PLANILHA!A59 -> 6.2 | B58: =PLANILHA!C59 -> Barra chata em alumínio 7/8"x1/8" (70mm²), com furos diâmetro 7 mm ref. TEL-771, marca de referência Termotécnica ou equivalente | C58: =PLANILHA!D59 -> M | D58: 36 | E58: Conforme projeto SPDA - 12 unidades com 3,00m = 36,00m
A59: =PLANILHA!A60 -> 6.3 | B59: =PLANILHA!C60 -> Tampa reforçada em ferro fundido com escotilha TEL 536, inclusive assentamento, marca de referência Termotécnica ou equivalente | C59: =PLANILHA!D60 -> UND. | D59: 12 | E59: Conforme projeto SPDA - 12 unidades
A60: =PLANILHA!A61 -> 6.4 | B60: =PLANILHA!C61 -> CORDOALHA DE COBRE NU 35 MM², NÃO ENTERRADA, COM ISOLADOR - FORNECIMENTO E INSTALAÇÃO. AF_12/2017 | C60: =PLANILHA!D61 -> M | D60: 65 | E60: Conforme projeto SPDA - 65,00m
A61: =PLANILHA!A62 -> 6.5 | B61: =PLANILHA!C62 -> CORDOALHA DE COBRE NU 50 MM², NÃO ENTERRADA, COM ISOLADOR - FORNECIMENTO E INSTALAÇÃO. AF_12/2017 | C61: =PLANILHA!D62 -> M | D61: 178.5 | E61: Conforme projeto SPDA - 178,50m
A62: =PLANILHA!A63 -> 6.6 | B62: =PLANILHA!C63 -> Presilha de latão ref. 744, inclusive parafuso fenda DN 4,2x32mm e bucha nylon DN 6mm e vedação dos furos com poliuretano ref. 5905, marca de ref. Termotécnica ou equivalente | C62: =PLANILHA!D63 -> UND. | D62: 30 | E62: Conforme projeto SPDA - 30 unidades
A63: =PLANILHA!A64 -> 6.7 | B63: =PLANILHA!C64 -> Terminal aéreo em latão (captor), com conector e fixação horizontal 5/16"x250mm, ref. TEL-024, inclusive vedação dos furos com poliuretano ref. TEL 5905, marca de ref. Termotécnica ou equivalente | C63: =PLANILHA!D64 -> UND. | D63: 30 | E63: Conforme projeto SPDA - 30 unidades
A64: =PLANILHA!A65 -> 6.8 | B64: =PLANILHA!C65 -> Conector de medição em latão com 2 parafusos para cabos de 16 a 50 mm2, ref. TEL-562, Termotécnica ou equivalente | C64: =PLANILHA!D65 -> UND. | D64: 28 | E64: Conforme projeto SPDA - 28 unidades
A65: =PLANILHA!A66 -> 6.9 | B65: =PLANILHA!C66 -> CAIXA DE INSPEÇÃO PARA ATERRAMENTO, CIRCULAR, EM POLIETILENO, DIÂMETRO INTERNO = 0,3 M. AF_12/2020 | C65: UND. | D65: 12 | E65: Conforme projeto SPDA - 12,00unidades
A67: =PLANILHA!A68 -> 7 | B67: =PLANILHA!C68 -> EQUIPAMENTOS
A68: =PLANILHA!A69 -> 7.1 | B68: =PLANILHA!C69 -> Trave para futebol de salão de tubo de ferro galvanizado 3", com recuo, removível | C68: =PLANILHA!D69 -> UND. | D68: 2 | E68: 2 unidades
A69: =PLANILHA!A70 -> 7.2 | B69: =PLANILHA!C70 -> Rede para futebol de salão | C69: =PLANILHA!D70 -> UND. | D69: 2 | E69: 2 unidades
A71: =PLANILHA!A72 -> 8 | B71: =PLANILHA!C72 -> ADMINISTRAÇÃO LOCAL
A72: =PLANILHA!A73 -> 8.1 | B72: =PLANILHA!C73 -> Administração do canteiro de obras | C72: und | D72: 1 | E72: 1 unidade
A74: =PLANILHA!A78 -> Vargem Alta / ES,17 DE AGOSTO DE 2021.
B78: GERALDO BRUNORO ESTEVES
B79: CREA-ES 033738/D

Sheet CPU
A1: =[1]Planilha!C1 -> PREFEITURA MUNICIPAL DE VARGEM ALTA
A2: ESTADO DO ESPÍRITO SANTO
A4: OBRA: | B4: =PLANILHA!B3 -> CONSTRUÇÃO DE CAMPO DE FUTEBOL SOCIETY COM GRAMA NATURAL, ALAMBRADO E ILUMINAÇÃO 29,00m x 44,00m - CAMPO BOM DE BOLA
A5: LOCAL: | B5: =[2]PLANILHA!B4 -> VILA ESPERANÇA - VARGEM ALTA/ ES
A7: COMPOSIÇÃO DE PREÇO AUXILIAR
A9: Item 1 | B9: =[3]ORÇAMENTO!C9 -> INSTALAÇÃO DO CANTEIRO DE OBRAS | J9: Unidade
A10: 1.1 | B10: =PLANILHA!C9 -> Placa de obra nas dimensões de 1,50m x 3,00m, PADRÃO CAIXA | J10: m²
A12: CÓDIGO | B12: 1 - MÃO DE OBRA | E12: UNID. | F12: COEFICIENTE | H12: P. UNITÁRIO | I12: TOTAL PARCIAL
A13: 88262 SINAPI | B13: CARPINTEIRO DE FORMAS COM ENCARGOS COMPLEMENTARES | E13: H | F13: 0.5 | H13: 20.72 | I13: =H13*F13 -> 10.36
A14: 88316 SINAPI | B14: SERVENTE COM ENCARGOS COMPLEMENTARES | E14: H | F14: 0.5 | H14: 14.98 | I14: =H14*F14 -> 7.49
A15: TOTAL A | J15: =I13+I14 -> 17.85
A17: CÓDIGO | B17: 2 - MATERIAIS | E17: UNID. | F17: COEFICIENTE | H17: P. UNITÁRIO | I17: TOTAL PARCIAL
A18: 039002 IOPES | B18: PLACA DE OBRA - ADESIVADA COM IMPRESSÃO DIGITAL (LABOR) | E18: M2 | F18: 1 | H18: 217.08 | I18: =H18*F18 -> 217.08
A19: 00004491 SINAPI | B19: PONTALETE *7,5 X 7,5* CM EM PINUS, MISTA OU EQUIVALENTE DA REGIAO - BRUTA | E19: M | F19: 1.5 | H19: 6.42 | I19: =H19*F19 -> 9.63
A20: 00005061 SINAPI | B20: PREGO DE ACO POLIDO COM CABECA 18 X 27 (2 1/2 X 10) | E20: KG | F20: 0.125 | H20: 23.21 | I20: =H20*F20 -> 2.90125
A21: 00004509 SINAPI | B21: SARRAFO *2,5 X 10* CM EM PINUS, MISTA OU EQUIVALENTE DA REGIAO - BRUTA | E21: M | F21: 0.25 | H21: 3.26 | I21: =H21*F21 -> 0.815
A22: TOTAL B | J22: =SUM(I18:I21) -> 230.42625
A24: CÓDIGO | B24: 3 - SERVIÇOS | E24: UNID. | F24: COEFICIENTE | H24: P. UNITÁRIO | I24: TOTAL PARCIAL
A26: TOTAL C | J26: =I25 -> 0
A28: RESUMO
A29: DISCRIMINAÇÃO | F29: TAXA | I29: VALORES
A30: MÃO DE OBRA (TOTAL A) | I30: =J15 -> 17.85
A31: MATERIAIS (TOTAL B) | I31: =J22 -> 230.42625
A32: SERVIÇOS (TOTAL C) | I32: =J26 -> 0
A33: BDI | I33: =(I30+I31+I32)*F33 -> 0
A34: ENCARGOS SOCIAIS ADERIDO (86,74%) | I34: =I30*F34 -> 0
A35: SUBTOTAL | I35: =I30+I33+I31+I32 -> 248.27625
A37: TOTAL | J37: =I35 -> 248.27625
A39: item 3 | B39: =PLANILHA!C24 -> DRENAGEM | J39: Unidade
A40: 3.3 | B40: =PLANILHA!C27 -> Dreno em PEAD perfurado diâm. = 100 mm, inclusive transporte do tubo, em Vias Urbanas | J40: M
A42: CÓDIGO | B42: 1 - MÃO DE OBRA | E42: UNID. | F42: COEFICIENTE | H42: P. UNITÁRIO | I42: TOTAL PARCIAL
A43: 90776 SINAPI | B43: ENCARREGADO GERAL COM ENCARGOS COMPLEMENTARES | E43: H | F43: 0.01 | H43: 37.96 | I43: =H43*F43 -> 0.3796
A44: 88309 SINAPI | B44: PEDREIRO COM ENCARGOS COMPLEMENTARES | E44: H | F44: 0.02 | H44: 23.37 | I44: =H44*F44 -> 0.4674
A45: TOTAL A | J45: =I44+I43 -> 0.847
A47: CÓDIGO | B47: 2 - MATERIAIS | E47: UNID. | F47: COEFICIENTE | H47: P. UNITÁRIO | I47: TOTAL PARCIAL
A48: 10258 DER-ES | B48: Tubo plástico, corrugado, perfurado de PEAD (polietileno de alta densidade), padrão NBR,diâmetro 100mm | E48: M | F48: 1 | H48: 4.77 | I48: =H48*F48 -> 4.77
A49: TOTAL B | J49: =SUM(I48:I48) -> 4.77
A51: CÓDIGO | B51: 3 - SERVIÇOS | E51: UNID. | F51: COEFICIENTE | H51: P. UNITÁRIO | I51: TOTAL PARCIAL
A53: TOTAL C | J53: =I52 -> 0
A55: RESUMO
A56: DISCRIMINAÇÃO | F56: TAXA | I56: VALORES
A57: MÃO DE OBRA (TOTAL A) | I57: =J45 -> 0.847
A58: MATERIAIS (TOTAL B) | I58: =J49 -> 4.77
A59: SERVIÇOS (TOTAL C) | I59: =J53 -> 0
A60: BDI | I60: =(I57+I58+I59)*F60 -> 0
A61: ENCARGOS SOCIAIS ADERIDO (86,74%) | I61: =I57*F61 -> 0
A62: SUBTOTAL | I62: =I57+I60+I58+I59 -> 5.617
A64: TOTAL | J64: =I62 -> 5.617
A66: 3.4 | B66: =PLANILHA!C28 -> Fornecimento e espalhamento de brita 1 ou 2 | J66: M³
A68: CÓDIGO | B68: 1 - MÃO DE OBRA | E68: UNID. | F68: COEFICIENTE | H68: P. UNITÁRIO | I68: TOTAL PARCIAL
A69: 88316 SINAPI | B69: SERVENTE COM ENCARGOS COMPLEMENTARES | E69: H | F69: 3.2 | H69: 14.98 | I69: =H69*F69 -> 47.936
A70: TOTAL A | J70: =I69 -> 47.936
A72: CÓDIGO | B72: 2 - MATERIAIS | E72: UNID. | F72: COEFICIENTE | H72: P. UNITÁRIO | I72: TOTAL PARCIAL
A73: 00004721 SINAPI | B73: PEDRA BRITADA N. 1 (9,5 a 19 MM) | E73: M3 | F73: 1.05 | H73: 82.03 | I73: =H73*F73 -> 86.1315
A74: TOTAL B | J74: =SUM(I73:I73) -> 86.1315
A76: CÓDIGO | B76: 3 - SERVIÇOS | E76: UNID. | F76: COEFICIENTE | H76: P. UNITÁRIO | I76: TOTAL PARCIAL
A78: TOTAL C | J78: =I77 -> 0
A80: RESUMO
A81: DISCRIMINAÇÃO | F81: TAXA | I81: VALORES
A82: MÃO DE OBRA (TOTAL A) | I82: =J70 -> 47.936
A83: MATERIAIS (TOTAL B) | I83: =J74 -> 86.1315
A84: SERVIÇOS (TOTAL C) | I84: =J78 -> 0
A85: BDI | I85: =(I82+I83+I84)*F85 -> 0
A86: ENCARGOS SOCIAIS ADERIDO (86,74%) | I86: =I82*F86 -> 0
A87: SUBTOTAL | I87: =I82+I85+I83+I84 -> 134.0675
A89: TOTAL | J89: =I87 -> 134.0675
A91: 3.5 | B91: =PLANILHA!C29 -> Fornecimento e espalhamento de areia com trator esteira | J91: M³
A93: CÓDIGO | B93: 1 - MÃO DE OBRA | E93: UNID. | F93: COEFICIENTE | H93: P. UNITÁRIO | I93: TOTAL PARCIAL
A94: 88316 SINAPI | B94: SERVENTE COM ENCARGOS COMPLEMENTARES | E94: H | F94: 0.009 | H94: 16.5 | I94: =H94*F94 -> 0.1485
A95: TOTAL A | J95: =I94 -> 0.1485
A97: CÓDIGO | B97: 2 - MATERIAIS | E97: UNID. | F97: COEFICIENTE | H97: P. UNITÁRIO | I97: TOTAL PARCIAL
A98: 00000370 SINAPI | B98: AREIA MEDIA | E98: M3 | F98: 1.05 | H98: 45 | I98: =H98*F98 -> 47.25
A99: TOTAL B | J99: =SUM(I98:I98) -> 47.25
A101: CÓDIGO | B101: 3 - SERVIÇOS | E101: UNID. | F101: COEFICIENTE | H101: P. UNITÁRIO | I101: TOTAL PARCIAL
A102: 005851 SINAPI | B102: TRATOR DE ESTEIRAS, POTÊNCIA 150 HP, PESO OPERACIONAL 16,7 T, COM RODA MOTRIZ ELEVADA E LÂMINA 3,18 M3 - CHP DIURNO. AF_06/2014 | F102: 0.003 | H102: 167.52 | I102: =H102*F102 -> 0.50256
A103: 005853 SINAPI | B103: TRATOR DE ESTEIRAS, POTÊNCIA 150 HP, PESO OPERACIONAL 16,7 T, COM RODA MOTRIZ ELEVADA E LÂMINA 3,18 M3 - CHI DIURNO. AF_06/2014 | F103: 0.006 | H103: 58.59 | I103: =H103*F103 -> 0.35154
A104: TOTAL C | J104: =SUM(I102:I103) -> 0.8541
A106: RESUMO
A107: DISCRIMINAÇÃO | F107: TAXA | I107: VALORES
A108: MÃO DE OBRA (TOTAL A) | I108: =J95 -> 0.1485
A109: MATERIAIS (TOTAL B) | I109: =J99 -> 47.25
A110: SERVIÇOS (TOTAL C) | I110: =J104 -> 0.8541
A111: BDI | I111: =(I108+I109+I110)*F111 -> 0
A112: ENCARGOS SOCIAIS ADERIDO (86,74%) | I112: =I108*F112 -> 0
A113: SUBTOTAL | I113: =I108+I111+I109+I110 -> 48.2526
A115: TOTAL | J115: =I113 -> 48.2526
A117: 3.6 | B117: =PLANILHA!C30 -> Fornecimento e espalhamento de terra vegetal com trator esteira | J117: M³
A119: CÓDIGO | B119: 1 - MÃO DE OBRA | E119: UNID. | F119: COEFICIENTE | H119: P. UNITÁRIO | I119: TOTAL PARCIAL
A120: 88316 SINAPI | B120: SERVENTE COM ENCARGOS COMPLEMENTARES | E120: H | F120: 0.009 | H120: 16.5 | I120: =H120*F120 -> 0.1485
A121: TOTAL A | J121: =I120 -> 0.1485
A123: CÓDIGO | B123: 2 - MATERIAIS | E123: UNID. | F123: COEFICIENTE | H123: P. UNITÁRIO | I123: TOTAL PARCIAL
A124: 00007253 SINAPI | B124: TERRA VEGETAL (GRANEL) | E124: M3 | F124: 1.05 | H124: 154.28 | I124: =H124*F124 -> 161.994
A125: TOTAL B | J125: =SUM(I124:I124) -> 161.994
A127: CÓDIGO | B127: 3 - SERVIÇOS | E127: UNID. | F127: COEFICIENTE | H127: P. UNITÁRIO | I127: TOTAL PARCIAL
A128: 005851 SINAPI | B128: TRATOR DE ESTEIRAS, POTÊNCIA 150 HP, PESO OPERACIONAL 16,7 T, COM RODA MOTRIZ ELEVADA E LÂMINA 3,18 M3 - CHP DIURNO. AF_06/2014 | F128: 0.003 | H128: 167.52 | I128: =H128*F128 -> 0.50256
A129: 005853 SINAPI | B129: TRATOR DE ESTEIRAS, POTÊNCIA 150 HP, PESO OPERACIONAL 16,7 T, COM RODA MOTRIZ ELEVADA E LÂMINA 3,18 M3 - CHI DIURNO. AF_06/2014 | F129: 0.006 | H129: 58.59 | I129: =H129*F129 -> 0.35154
A130: TOTAL C | J130: =SUM(I128:I129) -> 0.8541
A132: RESUMO
A133: DISCRIMINAÇÃO | F133: TAXA | I133: VALORES
A134: MÃO DE OBRA (TOTAL A) | I134: =J121 -> 0.1485
...

Sheet CPU 
A1: =[1]Planilha!C1 -> PREFEITURA MUNICIPAL DE VARGEM ALTA
A2: ESTADO DO ESPÍRITO SANTO
A4: OBRA: | B4: =PLANILHA!B3 -> CONSTRUÇÃO DE CAMPO DE FUTEBOL SOCIETY COM GRAMA NATURAL, ALAMBRADO E ILUMINAÇÃO 29,00m x 44,00m - CAMPO BOM DE BOLA
A5: LOCAL: | B5: =[2]PLANILHA!B4 -> VILA ESPERANÇA - VARGEM ALTA/ ES
A7: AJUSTE DE LEIS SOCIAIS
A9: Item 1 | B9: =[4]PLANILHA!C7 -> INSTALAÇÃO DO CANTEIRO DE OBRAS | J9: Unidade
A10: 1.3 | B10: =[4]PLANILHA!C10 -> Rede de luz, incl. padrão entr. energia trifás. cabo ligação até barracões, quadro distrib., disj. E chave de força, cons. 20m entre padrão entr.e QDG. | J10: m
A12: CÓDIGO | B12: 1 - MÃO DE OBRA | E12: UNID. | F12: COEFICIENTE | H12: P. UNITÁRIO | I12: TOTAL PARCIAL
A13: 010115 IOPES | B13: ELETRICISTA (OFICIAL - SINDUSCON) (LABOR) | E13: H | F13: 2.9031 | H13: 7.43 | I13: =H13*F13 -> 21.570033
A14: 010139 IOPES | B14: PEDREIRO - (OFICIAL - SINDUSCON) (LABOR) | E14: H | F14: 0.0105 | H14: 7.43 | I14: =H14*F14 -> 0.078015
A15: 010146 IOPES | B15: SERVENTE (AUXILIAR DE OBRAS - SINDUSCON) (LABOR) | E15: H | F15: 3.2511 | H15: 5.46 | I15: =H15*F15 -> 17.751006
A16: TOTAL A | J16: =ROUND(I13+I14+I15,2) -> 39.4
A18: CÓDIGO | B18: 2 - MATERIAIS | E18: UNID. | F18: COEFICIENTE | H18: P. UNITÁRIO | I18: TOTAL PARCIAL
A19: '020503 IOPES | B19: AREIA LAVADA MEDIA (LABOR) | E19: M3 | F19: 0.003528 | H19: 89.67 | I19: =H19*F19 -> 0.31635576
A20: '020508 IOPES | B20: CIMENTO PORTLAND CP III - 40 (LABOR) | E20: KG | F20: 1.8375 | H20: 0.45 | I20: =H20*F20 -> 0.826875
A21: '020517 IOPES | B21: BRITA 1 (LABOR) | E21: M3 | F21: 0.002 | H21: 95.3 | I21: =H21*F21 -> 0.1906
A22: '020518 IOPES | B22: BRITA 2 (LABOR) | E22: M3 | F22: 0.002 | H22: 95.3 | I22: =H22*F22 -> 0.1906
A23: '021032 IOPES | B23: CHAPA COMPENSADA RESINADA ESP. 12MM (LABOR) | E23: M2 | F23: 0.06 | H23: 33.57 | I23: =H23*F23 -> 2.0142
A24: '040144 IOPES | B24: POSTE DT PADRAO TRIFASICO 16MM AEREO 63A H=7M/100DAN (LABOR) | E24: UN | F24: 0.05 | H24: 2130.87 | I24: =H24*F24 -> 106.5435
A25: '041530 IOPES | B25: QUADRO DIST EMBUTIR MET C/ BARRAMENTO TRIFASICO 40 CIRC - 100A C/ TRINCO (LABOR) | E25: UN | F25: 0.05 | H25: 760.4 | I25: =H25*F25 -> 38.02
A26: '043006 IOPES | B26: CABO FLEX ISOL. TERMOPLAST. 750V - 4,00 MM2 - 70º (LABOR) | E26: M | F26: 3.2742 | H26: 4.58 | I26: =H26*F26 -> 14.995836
A27: '043015 IOPES | B27: CABO FLEX ISOL. TERMOPLAST. 750V - 16MM2 - 70º (LABOR) | E27: M | F27: 1.0863 | H27: 19.78 | I27: =H27*F27 -> 21.487014
A28: '043059 IOPES | B28: CABO FLEX ISOL. TERMOPLAST. 0,6/1KV - 16MM2 - 70º (LABOR) | E28: M | F28: 1.1424 | H28: 19.83 | I28: =H28*F28 -> 22.653792
A29: '043149 IOPES | B29: CABO ISOLADO 750V - 4 X 4.0MM2 (LABOR) | E29: M | F29: 3.2742 | H29: 22.74 | I29: =H29*F29 -> 74.455308
A30: '043150 IOPES | B30: CABO ISOLADO PVC - 4 X 16.0MM2 (LABOR) | E30: M | F30: 1.0863 | H30: 83.95 | I30: =H30*F30 -> 91.194885
... A42: '048035 IOPES | B42: HASTE TIPO COPPERWELD - 5/8"X2.4M (LABOR) | E42: UN | F42: 0.05 | H42: 60.39 | I42: =H42*F42 -> 3.0195
A43: TOTAL B | J43: =ROUND(SUM(I19:I42),2) -> 500.99
A45: CÓDIGO | B45: 3 - EQUIPAMENTOS | E45: UNID. | F45: COEFICIENTE | H45: P. UNITÁRIO | I45: TOTAL PARCIAL
A46: 080125 IOPES | B46: BETONEIRA 320 L (E301) (LABOR) | E46: H | F46: 0.003749 | H46: 31.31 | I46: =H46*F46 -> 0.11738119
A47: 080170 IOPES | B47: CAMINHAO CARR MBENZ L1620/51 C/GUIND. 6T X M(E434) (LABOR) | E47: H | F47: 0.05 | H47: 155.26 | I47: =H47*F47 -> 7.763
A48: TOTAL C | J48: =SUM(I46:I47) -> 7.8803812
A50: RESUMO
A51: DISCRIMINAÇÃO | F51: TAXA | I51: VALORES
A52: MÃO DE OBRA (TOTAL A) | I52: =J16 -> 39.4
A53: ENCARGOS SOCIAIS | F53: 1.2833 | I53: =I52*F53 -> 50.56202
A54: MATERIAIS (TOTAL B) | I54: =J43 -> 500.99
A55: EQUIPAMENTOS (TOTAL C) | I55: =J48 -> 7.8803812
A56: BDI | I56: =(I52+I54+I55+I53)*F56 -> 0
A57: SUBTOTAL | I57: =I52+I54+I55+I56+I53 -> 598.8324
A59: TOTAL | J59: =I57 -> 598.8324
A62: Item 6 | B62: =PLANILHA!C57 -> INTALAÇÕES SPDA | J62: Unidade
A63: =PLANILHA!A59 -> 6.2 | B63: =PLANILHA!C59 -> Barra chata em alumínio 7/8"x1/8" (70mm²), com furos diâmetro 7 mm ref. TEL-771, marca de referência Termotécnica ou equivalente | J63: =PLANILHA!D59 -> M
A65: CÓDIGO | B65: 1 - MÃO DE OBRA | E65: UNID. | F65: COEFICIENTE | H65: P. UNITÁRIO | I65: TOTAL PARCIAL
A66: 10101 | B66: AJUDANTE (AJUDANTE PRATICO - SINDUSCON) (LABOR) | E66: H | F66: 0.6 | H66: 6.27 | I66: =H66*F66 -> 3.762
A67: 10115 | B67: ELETRICISTA (OFICIAL - SINDUSCON) (LABOR) | E67: H | F67: 0.6 | H67: 7.43 | I67: =H67*F67 -> 4.458
A68: TOTAL A | J68: =I66+I67 -> 8.22
A70: CÓDIGO | B70: 2 - MATERIAIS | E70: UNID. | F70: COEFICIENTE | H70: P. UNITÁRIO | I70: TOTAL PARCIAL
A71: 48701 | B71: BARRA CHATA EM ALUMINIO 7/8" X 1/8" X 3M (70MM2) TEL-711 (LABOR) | E71: M | F71: 1 | H71: 14.7 | I71: =H71*F71 -> 14.7
A72: 26894 | B72: BUCHA DE NYLON N.º6 REF.: TEL-5306 (LABOR) | E72: UND | F72: 1.66 | H72: 0.09 | I72: =H72*F72 -> 0.1494
A73: 26877 | B73: PARAFUSO AUTOATARRACHANTE DIM 4.2X32MM REF TEL5333 (LABOR) | E73: UND | F73: 1.66 | H73: 0.5 | I73: =H73*F73 -> 0.83
A74: TOTAL B | J74: =SUM(I71:I73) -> 15.6794
A76: CÓDIGO | B76: 3 - SERVIÇOS | E76: UNID. | F76: COEFICIENTE | H76: P. UNITÁRIO | I76: TOTAL PARCIAL
A78: TOTAL C | J78: =I77 -> 0
A80: RESUMO
A81: DISCRIMINAÇÃO | F81: TAXA | I81: VALORES
A82: MÃO DE OBRA (TOTAL A) | I82: =J68 -> 8.22
A83: ENCAQRGOS SOCIAIS | F83: 1.2833 | I83: =I82*F83 -> 10.548726
A84: MATERIAIS (TOTAL B) | I84: =J74 -> 15.6794
A85: EQUIPAMENTOS (TOTAL C) | I85: =J78 -> 0
A86: BDI | I86: =(I82+I84+I85+I83)*F86 -> 0
A87: SUBTOTAL | I87: =I82+I84+I85+I86+I83 -> 34.448126
A89: TOTAL | J89: =I87 -> 34.448126
A91: 6.3 | B91: =PLANILHA!C60 -> Tampa reforçada em ferro fundido com escotilha TEL 536, inclusive assentamento, marca de referência Termotécnica ou equivalente | J91: =PLANILHA!D60 -> UND.
A93: CÓDIGO | B93: 1 - MÃO DE OBRA | E93: UNID. | F93: COEFICIENTE | H93: P. UNITÁRIO | I93: TOTAL PARCIAL
A94: 10139 | B94: PEDREIRO - (OFICIAL - SINDUSCON) (LABOR) | E94: H | F94: 1.05 | H94: 7.43 | I94: =H94*F94 -> 7.8015
A95: 10146 | B95: SERVENTE (AUXILIAR DE OBRAS - SINDUSCON) (LABOR | E95: H | F95: 1.075 | H95: 5.46 | I95: =H95*F95 -> 5.8695
A96: TOTAL A | J96: =I94+I95 -> 13.671
A98: CÓDIGO | B98: 2 - MATERIAIS | E98: UNID. | F98: COEFICIENTE | H98: P. UNITÁRIO | I98: TOTAL PARCIAL
A99: 20503 | B99: AREIA LAVADA MEDIA (LABOR) | E99: M3 | F99: 0.00304 | H99: 89.67 | I99: =H99*F99 -> 0.2725968
A100: 20508 | B100: CIMENTO PORTLAND CP III - 40 (LABOR) | E100: KG | F100: 1.215 | H100: 0.45 | I100: =H100*F100 -> 0.54675
A101: 48341 | B101: TAMPA REFORCADA EM FºFº C/ ESCOTILHA - TEL-536 (LABOR) | E101: UND | F101: 1 | H101: 81.34 | I101: =H101*F101 -> 81.34
A102: TOTAL B | J102: =SUM(I99:I101) -> 82.159347
A104: CÓDIGO | B104: 3 - SERVIÇOS | E104: UNID. | F104: COEFICIENTE | H104: P. UNITÁRIO | I104: TOTAL PARCIAL
A106: TOTAL C | J106: =I105 -> 0
A108: RESUMO
A109: DISCRIMINAÇÃO | F109: TAXA | I109: VALORES
A110: MÃO DE OBRA (TOTAL A) | I110: =J96 -> 13.671
A111: ENCAQRGOS SOCIAIS | F111: 1.2833 | I111: =I110*F111 -> 17.543994
A112: MATERIAIS (TOTAL B) | I112: =J102 -> 82.159347
A113: EQUIPAMENTOS (TOTAL C) | I113: =J106 -> 0
A114: BDI | I114: =(I110+I112+I113+I111)*F114 -> 0
A115: SUBTOTAL | I115: =I110+I112+I113+I114+I111 -> 113.37434
A117: TOTAL | J117: =I115 -> 113.37434
A119: =PLANILHA!A63 -> 6.6 | B119: =PLANILHA!C63 -> Presilha de latão ref. 744, inclusive parafuso fenda DN 4,2x32mm e bucha nylon DN 6mm e vedação dos furos com poliuretano ref. 5905, marca de ref. Termotécnica ou equivalente | J119: =PLANILHA!D63 -> UND.
A121: CÓDIGO | B121: 1 - MÃO DE OBRA | E121: UNID. | F121: COEFICIENTE | H121: P. UNITÁRIO | I121: TOTAL PARCIAL
A122: 10101 | B122: AJUDANTE (AJUDANTE PRATICO - SINDUSCON) (LABOR) | E122: H | F122: 0.2 | H122: 6.27 | I122: =H122*F122 -> 1.254
A123: 10115 | B123: ELETRICISTA (OFICIAL - SINDUSCON) (LABOR (LABOR | E123: H | F123: 0.2 | H123: 7.43 | I123: =H123*F123 -> 1.486
A124: TOTAL A | J124: =I122+I123 -> 2.74
A126: CÓDIGO | B126: 2 - MATERIAIS | E126: UNID. | F126: COEFICIENTE | H126: P. UNITÁRIO | I126: TOTAL PARCIAL
A127: 26894 | B127: BUCHA DE NYLON N.º6 REF.: TEL-5306 (LABOR) | E127: UND | F127: 1 | H127: 0.09 | I127: =H127*F127 -> 0.09
A128: 26877 | B128: PARAFUSO AUTOATARRACHANTE DIM 4.2X32MM REF TEL5333 (LABOR) | E128: UND | F128: 1 | H128: 0.5 | I128: =H128*F128 -> 0.5
A129: 24184 | B129: POLIURETANO FLEXIVEL BISNAGA 360G TEL 5905 (LABOR) | E129: UND | F129: 0.013 | H129: 26.31 | I129: =H129*F129 -> 0.34203
A130: 48070 | B130: PRESILHA DE LATAO FURO Ø5MM PARA CABOS 35- 50MM² - TEL-744 - TERMOTECNICA OU EQUIVALENTE (LABOR) | E130: UND | F130: 1 | H130: 1.14 | I130: =H130*F130 -> 1.14
A131: TOTAL B | J131: =SUM(I127:I130) -> 2.07203
A133: CÓDIGO | B133: 3 - SERVIÇOS | E133: UNID. | F133: COEFICIENTE | H133: P. UNITÁRIO | I133: TOTAL PARCIAL
A135: TOTAL C | J135: =I134 -> 0
A137: RESUMO
A138: DISCRIMINAÇÃO | F138: TAXA | I138: VALORES
A139: MÃO DE OBRA (TOTAL A) | I139: =J124 -> 2.74
A140: ENCAQRGOS SOCIAIS | F140: 1.2833 | I140: =I139*F140 -> 3.516242
...

Sheet CPA 
A1: PREFEITURA MUNICIPAL DE VARGEM ALTA
A2: ESTADO DO ESPÍRITO SANTO
A4: OBRA: | B4: =PLANILHA!B3 -> CONSTRUÇÃO DE CAMPO DE FUTEBOL SOCIETY COM GRAMA NATURAL, ALAMBRADO E ILUMINAÇÃO 29,00m x 44,00m - CAMPO BOM DE BOLA
A5: LOCAL: | B5: =PLANILHA!B4 -> VILA ESPERANÇA - VARGEM ALTA / ES
A7: COMPOSIÇÃO DE PREÇO AUXILIAR
A10: Item 8 | B10: =PLANILHA!C72 -> ADMINISTRAÇÃO LOCAL | K10: Unidade
A11: 8.1 | B11: Administração do canteiro de obra | K11: UND
A13: CÓDIGO | B13: 1 - MÃO DE OBRA | E13: UNID. | F13: COEFICIENTE | H13: P. UNITÁRIO | I13: TOTAL PARCIAL | J13: QUANTIDADE | K13: TOTAL
A14: 93567 SINAPI | B14: ENGENHEIRO CIVIL DE OBRA PLENO COM ENCARGOS COMPLEMENTARES | E14: MÊS | F14: 0.1 | H14: 16216.79 | I14: =H14*F14 -> 1621.679 | J14: 4 | K14: =J14*I14 -> 6486.716
A15: 93572 SINAPI | B15: ENCARREGADO GERAL COM ENCARGOS COMPLEMENTARES | E15: MÊS | F15: 0.3 | H15: 5802.42 | I15: =H15*F15 -> 1740.726 | J15: 4 | K15: =J15*I15 -> 6962.904
A16: TOTAL A | K16: =K14+K15 -> 13449.62
A19: RESUMO
A20: DISCRIMINAÇÃO | F20: TAXA | I20: VALORES
A21: MÃO DE OBRA (TOTAL A) | I21: =K16 -> 13449.62
A22: MATERIAIS (TOTAL B) | I22: =J12 -> 0
A23: EQUIPAMENTOS (TOTAL C) | I23: =J17 -> 0
A24: BDI | F24: 0.2963 | I24: =I21*F24 -> 3985.1224
A25: ENCARGOS SOCIAIS ADERIDO | F25: 0.8674 | I25: 0
A26: SUBTOTAL | I26: =I24+I21+I22+I23 -> 17434.742
A28: TOTAL | K28: =I25+I26 -> 17434.742
A32: =PLANILHA!A78 -> Vargem Alta / ES,17 DE AGOSTO DE 2021.
F34: GERALDO BRUNORO ESTEVES
F35: CREA-ES 033738/D

Sheet CRONOGRAMA
A1: PREFEITURA MUNICIPAL DE VARGEM ALTA ESTADO DO ESPÍRITO SANTO
A3: OBRA: | B3: =PLANILHA!B3 -> CONSTRUÇÃO DE CAMPO DE FUTEBOL SOCIETY COM GRAMA NATURAL, ALAMBRADO E ILUMINAÇÃO 29,00m x 44,00m - CAMPO BOM DE BOLA
A4: LOCAL: | B4: =PLANILHA!B4 -> VILA ESPERANÇA - VARGEM ALTA / ES
A5: CRONOGRAMA FÍSICO-FINANCEIRO
A6: ITEM | B6: ESPECIFICAÇÃO | E6: VALOR DAS OBRAS E % FÍSICA | F6: ANDAMENTO EM MESES
F7: 1º MÊS | G7: 2º MÊS | H7: 3º MÊS | I7: 4º MÊS
A8: 1 | B8: =PLANILHA!C8 -> SERVIÇOS PRELIMINARES | E8: =PLANILHA!H12 -> 18952.22 | F8: =E8 -> 18952.22
E9: =E8/E33 -> 0.047784294
F10: 1
A11: 2 | B11: =PLANILHA!C13 -> MOVIMENTAÇÃO DE TERRA E PISO | E11: =PLANILHA!H23 -> 33712.612 | F11: =E11*F13 -> 6742.5224 | G11: =E11*G13 -> 10113.784 | H11: =E11*H13 -> 10113.784 | I11: =E11*I13 -> 6742.5224
E12: =E11/E33 -> 0.084999718
F13: 0.2 | G13: 0.3 | H13: 0.3 | I13: 0.2
A14: 3 | B14: =PLANILHA!C24 -> DRENAGEM | E14: =PLANILHA!H32 -> 55623.796 | H14: =E14*H16 -> 27811.898 | I14: =E14*I16 -> 27811.898
E15: =E14/E33 -> 0.14024446
H16: 0.5 | I16: 0.5
A17: 4 | B17: =PLANILHA!C33 -> FECHAMENTO LATERAL | E17: =PLANILHA!H42 -> 198022.98 | G17: =E17*G19 -> 39604.596 | H17: =E17*H19 -> 79209.192 | I17: =E17*I19 -> 79209.192
E18: =E17/E33 -> 0.49927599
G19: 0.2 | H19: 0.4 | I19: 0.4
A20: 5 | B20: =PLANILHA!C43 -> INTALAÇÕES ELÉTRICAS | E20: =PLANILHA!H56 -> 37106.29 | I20: =E20 -> 37106.29
E21: =E20/E33 -> 0.09355621
I22: 1
A23: 6 | B23: =PLANILHA!C57 -> INTALAÇÕES SPDA | E23: =PLANILHA!H67 -> 31196.06 | I23: =E23 -> 31196.06
E24: =E23/E33 -> 0.078654728
I25: 1
A26: 6 | B26: =PLANILHA!C68 -> EQUIPAMENTOS | E26: =PLANILHA!H71 -> 4571.58 | I26: =E26 -> 4571.58
E27: =E26/E33 -> 0.01152634
I28: 1
A29: 7 | B29: =PLANILHA!C72 -> ADMINISTRAÇÃO LOCAL | E29: =PLANILHA!H74 -> 17434.74 | F29: =F31*E29 -> 4358.685 | G29: =G31*E29 -> 4358.685 | H29: =H31*E29 -> 4358.685 | I29: =I31*E29 -> 4358.685
E30: =E29/E33 -> 0.043958267
F31: 0.25 | G31: 0.25 | H31: 0.25 | I31: 0.25
B33: TOTAL SIMPLES | E33: =E29+E26+E20+E17+E14+E11+E8+E23 -> 396620.28 | F33: =F8+F29+F14+F26+F20+F17+F11 -> 30053.427 | G33: =G8+G29+G14+G26+G20+G17+G11 -> 54077.065 | H33: =H8+H29+H14+H26+H20+H17+H11 -> 121493.56 | I33: =I8+I29+I14+I26+I20+I17+I11+I23 -> 190996.23
B34: TOTAL ACUMULADO | F34: =SUM(F33) -> 30053.427 | G34: =SUM(G33+F34) -> 84130.492 | H34: =SUM(H33+G34) -> 205624.05 | I34: =SUM(I33+H34) -> 396620.28
B35: PERCENTUAL SIMPLES | E35: =E9+E30+E15+E27+E21+E12+E18+E24 -> 1 | F35: =F33/E33 -> 0.075773804 | G35: =G33/E33 -> 0.13634468 | H35: =H33/E33 -> 0.30632211 | I35: =I33/E33 -> 0.48155941
B36: PERCENTUAL ACUMULADO | F36: =F35 -> 0.075773804 | G36: =F36+G35 -> 0.21211848 | H36: =G36+H35 -> 0.51844059 | I36: =H36+I35 -> 1
A38: =PLANILHA!A78 -> Vargem Alta / ES,17 DE AGOSTO DE 2021.
B40: GERALDO BRUNORO ESTEVES | F40: =PLANILHA!E83 -> ELIESER RABELLO
B41: CREA-ES 033738/D | F41: PREFEITO MUNICIPAL

Sheet BDI - 29,63%
A1: DETALHAMENTO DO BDI
A3: PROPONENTE: | B3: Prefeitura de Vargem Alta
A4: OBRA: | B4: =PLANILHA!B3 -> CONSTRUÇÃO DE CAMPO DE FUTEBOL SOCIETY COM GRAMA NATURAL, ALAMBRADO E ILUMINAÇÃO 29,00m x 44,00m - CAMPO BOM DE BOLA
A5: CONTRATO: | B5: 1071244-85
A7: 1. Regime de Contribuição Previdenciária
B9: Com Desoneração
A11: 2. Tipo de Intervenção
B13: Rodovias e Ferrovias
A15: 3. Incidências sobre o custo
B17: Administração Central - AC | C17: 5 | D17: %
B18: Riscos - R | C18: 1 | D18: %
B19: Seguros e Garantias Contratuais - S+G | C19: 1 | D19: %
B20: Despesas e Encargos Financeiros - DF | C20: 0.6 | D20: %
B22: Lucro - L | C22: 4.59 | D22: %
A24: 4 – Incidências sobre o preço de venda
B26: Despesas Tributárias - I | C26: =C29+C31+C32+C33 -> 13.15 | D26: %
B28: Percentual da base de cálculo para o ISS: | C28: 100 | D28: %
B29: Alíquota do ISS (sobre a base de cálculo): | C29: 5 | D29: %
B31: COFINS | C31: 3 | D31: %
B32: PIS | C32: 0.65 | D32: %
B33: INSS | C33: =IF(B9="Com Desoneração",4.5,0) -> 4.5 | D33: %
A35: 5 – Demonstrativo de cálculo do BDI
B37: BDI= (1+(AC+S+R+G))(1+DF)(1+L)) -1 = | C37: =ROUND((((1+($C$17/100)+($C$19/100)+($C$18/100))*(1+($C$20/100))*(1+($C$22/100)))/(1-$C$26/100)-1),4) -> 0.2963
B38: ( 1- I )
A40: Declaro para os devidos fins que, conforme legislação tributária municipal, a base de cálculo
A41: =CONCATENATE("do ISS para ", B13," é de ",C28," %",", com a respectiva alíquota de ",C29," %") -> do ISS para Rodovias e Ferrovias é de 100 %, com a respectiva alíquota de 5 %
A43: Declaro para os devidos fins que o regime de Contribuição Previdenciária adotado para
A44: =CONCATENATE("elaboração do orçamento foi ",B9,", e que esta é a alternativa mais adequada para ") -> elaboração do orçamento foi Com Desoneração, e que esta é a alternativa mais adequada para
A45: a Administração Pública.
A49: Eng./Arq. | B49: GERALDO BRUNORO ESTEVES
A50: CREA/CAU: | B50: CREA - ES 033738/D
A55: Nome | B55: ELIESER RABELLO
A56: Cargo | B56: Prefeito Municipal
